 Dungeon Crawl Stone Soup version bcrawl-1.21.3 (webtiles) character file.

Game seed: 1538931669258293893

85339 funkygono the Eclecticist (level 15, -1/89 HPs)
             Began as a Fairy Conjurer on Apr 5, 2020.
             Was a High Priest of Sif Muna.
             Slain by a wolf spider (12 damage)
             ... on level 1 of the Spider Nest.
             The game lasted 01:50:33 (26592 turns).

funkygono the Eclecticist (Fairy Conjurer)         Turns: 26592, Time: 01:50:34

Health: -1/89      AC: 15    Str: 14    XL:     15   Next: 83%
Magic:  39/39      EV: 21    Int: 35    God:    Sif Muna [*****.]
Gold:   2576       SH:  8    Dex:  8    Spells: 5/51 levels left

rFire    x . .     SeeInvis +   H - +8 quarterstaff of Infection {protect, Str+4 Int+6 Dex-4}
rCold    + + .     Gourm    .   (shield currently unavailable)
rNeg     + + .     Faith    .   (armour unavailable)
rPois    .         Spirit   .   o - +2 helmet
rElec    +         Reflect  .   q - +1 cloak
rCorr    .         Harm     .   j - +1 pair of gloves
MR       ++...                  (no boots)
Stlth    +.........             d - amulet "Fafit" {rElec rN+ MR+ Regen+}
HPRegen  0.64/turn              I - ring of Megalomania {Ice *Corrode Str+4 SInv}
MPRegen  0.26/turn              P - ring of Mipijama {rC+ rN+ Int+3}

@: lethally poisoned (-1 -> -10), flying evasively
A: small, magic attunement, unstealthy, unfitting armour, able to fly, AC/SH +8
a: Stop Flying, Divine Energy, Channel Magic, Forget Spell, Renounce Religion


You were on level 1 of the Spider Nest.
You worshipped Sif Muna.
Sif Muna was extremely pleased with you.
You were not hungry.

You visited 5 branches of the dungeon, and saw 20 of its levels.
You also visited: Sewer, Ossuary and Ice Cave.

You collected 2576 gold pieces.

Inventory:

Hand Weapons
 H - the +8 quarterstaff of Infection (weapon) {protect, Str+4 Int+6 Dex-4}
   (You found it on level 9 of the Dungeon)

   It grants its wielder temporary protection when it strikes (+7 to AC).
   It affects your strength (+4).
   It affects your intelligence (+6).
   It affects your dexterity (-4).
Missiles
 h - 2541 stones (quivered)
Armour
 j - a +1 pair of gloves (worn)
 o - a +2 helmet (worn)
 q - a +1 cloak (worn)
Magical Staves
 a - an uncursed staff of conjuration
 C - an uncursed staff of fire
 K - an uncursed staff of power
Jewellery
 d - the amulet "Fafit" (around neck) {rElec rN+ MR+ Regen+}
   (You acquired it on level 1 of the Lair of Beasts)

   [amulet of regeneration]

   It insulates you from electricity.
   It protects you from negative energy.
   It affects your resistance to hostile enchantments.
   It increases your rate of regeneration.
 B - the ring of Siohibbu {MR- Str+10 Int+2}
   (You acquired it on level 5 of the Lair of Beasts)

   [ring of intelligence]

   It affects your strength (+10).
   It affects your intelligence (+2).
   It affects your resistance to hostile enchantments.
 I - the ring of Megalomania (left hand) {Ice *Corrode Str+4 SInv}
   (You found it on level 9 of the Dungeon)

   [ring of ice]

   It enhances your ice magic.
   It affects your strength (+4).
   It makes you vulnerable to fire.
   It protects you from cold.
   It lets you see invisible.
   It may corrode you when you take damage.
 P - the ring of Mipijama (right hand) {rC+ rN+ Int+3}
   (You found it in an ice cave)

   [ring of protection from cold]

   It affects your intelligence (+3).
   It protects you from cold.
   It protects you from negative energy.
Scrolls
 p - a scroll of silence
 s - 10 scrolls of teleportation
 u - 4 scrolls of fear
 w - 7 scrolls of identify
 y - 5 scrolls of remove curse
 z - a scroll of fog
 A - 4 scrolls of magic mapping
 E - a scroll of amnesia
 G - a scroll of blinking
Potions
 b - 2 potions of magic
 c - a potion of flight
 f - 4 potions of might
 i - a potion of mutation
 k - a potion of cancellation
 n - 6 potions of haste
 r - 9 potions of curing
 v - 3 potions of berserk rage
 x - 5 potions of brilliance
Comestibles
 e - 29 rations {!d}


   Skills:
 + Level 3.6 Fighting
   Level 0.3 Short Blades
 + Level 11.5 Dodging
 + Level 4.6 Stealth
 + Level 18.7 Spellcasting
 + Level 16.6 Conjurations
 + Level 2.2 Transmutations
 + Level 6.3 Fire Magic
 + Level 1.8 Ice Magic
 + Level 8.5 Air Magic
 + Level 3.2 Earth Magic
 + Level 10.8 Poison Magic


You had 5 spell levels left.
You knew the following spells:

 Your Spells              Type           Power        Failure   Level  Hunger
a - Magic Dart            Conj           ####         0%          1    None
b - Searing Ray           Conj           #######.     0%          2    None
c - Iskenderun's Mystic   Conj           #######.     0%          3    None
d - Poisonous Vapours     Pois/Air       ######       1%          2    None
e - Venom Bolt            Conj/Pois      #######...   1%          5    None
f - Sting                 Conj/Pois      ####         0%          1    None
g - Sandblast             Erth           ######       1%          1    None
h - Mephitic Cloud        Conj/Pois/Air  #######.     1%          3    None
i - Conjure Flame         Conj/Fire      #######.     1%          3    None
j - Ignite Poison         Fire/Tmut/Pois ######..     1%          3    None
k - Bolt of Fire          Conj/Fire      #######...   1%          6    None
l - Bolt of Cold          Conj/Ice       #######...   3%          6    None
m - Lightning Bolt        Conj/Air       #######...   1%          5    None
n - Fireball              Conj/Fire      #######...   1%          5    None

Your spell library contained the following spells:

 Spells                   Type           Power        Failure   Level  Hunger
 Apportation              Tloc           ####..       1%          1    None
 Beastly Appendage        Tmut           #####.       1%          1    None
 Blink Other              Tloc           ####..       1%          1    None
 Infusion                 Chrm           ####....     1%          1    None
 Slow                     Hex            ####....     1%          1    None
 Summon Butterflies       Summ           ####....     1%          1    None
 Summon Small Mammal      Summ           ####         1%          1    None
 Blink                    Tloc           N/A          1%          2    None
 Call Imp                 Summ           ####..       1%          2    None
 Flaming Arrows           Chrm/Fire      ######..     1%          2    None
 Passwall                 Tmut/Erth      ######..     1%          2    None
 Shackle                  Hex            ####....     1%          2    None
 Sticks to Snakes         Tmut           #####...     1%          2    None
 Throw Frost              Conj/Ice       ######       1%          2    None
 Ozocubu's Armour         Chrm/Ice       ######..     1%          3    None
 Spider Form              Tmut/Pois      ###          1%          3    None
 Airstrike                Air            #######...   1%          4    None
 Fulminant Prism          Conj/Hex       ######....   1%          4    None
 Olgreb's Toxic Radiance  Pois           #######.     1%          4    None
 Sticky Flame             Conj/Fire      #######.     1%          4    None
 Summon Scorpions         Summ/Pois      ######..     1%          4    None
 Bolt of Draining         Conj/Necr      ######....   1%          5    None
 Irradiate                Conj/Tmut      #######...   1%          5    None
 Iskenderun's Battlesphe  Conj/Chrm      ######..     1%          5    None
 Call Canine Familiar     Summ           ####....     3%          3    None
 Portal Projectile        Tloc           ####..       3%          3    None
 Regeneration             Chrm/Necr      ####......   3%          3    None
 Teleport Other           Tloc           ####....     3%          3    None
 Petrify                  Tmut/Erth      ######..     3%          4    None
 Ice Form                 Ice/Tmut       ######..     4%          4    None
 Silence                  Hex/Air        ######....   4%          5    None
 Summon Lightning Spire   Summ/Air       ######..     4%          5    None
 Yara's Violent Unravell  Hex/Tmut       #####.....   6%          4    None
 Summon Ice Beast         Ice/Summ       ######..     7%          4    None
 Lee's Rapid Deconstruct  Erth           ######....   8%          5    None
 Blade Hands              Tmut           #####.....   11%         5    None
 Metabolic Englaciation   Hex/Ice        ######....   19%         5    None
 Dispel Undead            Necr           ####....     28%         5    None
 Passage of Golubria      Tloc           N/A          28%         5    None
 Piercing Shot            Chrm           ####......   28%         5    None
 Summon Mana Viper        Hex/Summ       ####....     28%         5    None
 Conjure Ball Lightning   Conj/Air       #######...   1%          6    None
 Poison Arrow             Conj/Pois      #######...   1%          6    None
 Freezing Cloud           Ice/Air        #######...   19%         6    None
 Icicle Burst             Conj/Ice       #######...   19%         7    None
 Deflect Missiles         Chrm/Air       ######....   26%         6    None
 Infestation              Hex/Tmut/Pois  ######...    26%         6    None
 Mana Rupture             Conj/Hex       ######....   28%         7    None
 Spellforged Servitor     Conj/Summ      ######....   28%         7    None
 Chain Lightning          Conj/Air       #######...   36%         8    None
 Lehudib's Crystal Spear  Conj/Erth      #######...   75%         8    None
 Invisibility             Hex            ####....     83%         6    None
 Summon Hydra             Summ           ####......   83%         6    None
 Haunt                    Necr/Summ      ####......   100%        7    None
 Malign Gateway           Summ/Tloc      ####......   100%        7    None
 Monstrous Menagerie      Summ           ####......   100%        7    None
 Discord                  Hex            ####......   100%        8    None
 Time Stop                Chrm/Tloc      N/A          100%        8    None
 Dragon's Call            Summ           ####......   100%        9    None


Dungeon Overview and Level Annotations

Branches:
Dungeon (11/12)            Temple (1/1) D:6            Lair (5/6) D:9
 Shoals (0/3) Lair:4       Spider (2/3) Lair:3        Slime (0/5) Lair:5
    Orc (1/1) D:11            Elf (0/3) Orc          Vaults (0/3) D:11

Altars:
Ashenzari
Cheibriados
Dithmenos
Elyvilon
Fedhas
Gozag
Hepliaklqana
Kikubaaqudgha
Lugonu
Makhleb
Nemelex Xobeh
Okawaru
Qazlal
Ru
Sif Muna
Trog
Uskayaw
Vehumet
Wu Jian
Xom
Yredelemnul
Zin
The Shining One
Beogh
Jiyva

Shops:
D:11 [   Orc ![(}

Annotations:
Lair:4 3 runed translucent doors, Galewind's ghost, journeyman AvCj


Innate Abilities, Weirdness & Mutations

Your spells do not cause hunger and MP costs are reduced by 1.
Your bright wings attract enemies. (Stealth-)
You cannot fit into any form of body armour.
Your shimmering scales are hard and can block incoming attacks. (AC +8, SH +8)
You are small and have problems with some larger weapons.
You can fly continuously.


Message History

The jumping spider bites you but does no damage.
The wolf spider closely misses you. The wolf spider bites you.
* * * LOW HITPOINT WARNING * * *
You are lethally poisoned!
The wolf spider poisons you!
You fly upwards.
A demonic crawler comes into view.
* * * LOW HITPOINT WARNING * * *
You feel very sick.
There is a stone staircase leading down here.
You feel much better.
You feel sick. The redback bites you!
* * * LOW HITPOINT WARNING * * *
The jumping spider pounces on you but does no damage.
You block the jumping spider's attack.
The wolf spider hits you but does no damage.
The wolf spider barely misses you. The redback closely misses you.
The wolf spider completely misses you. The wolf spider bites you.
* * * LOW HITPOINT WARNING * * *
The wolf spider hits you!
You die...

...#####...##.##..#.#...#..##.^.#
##[.#..#≈#..##≈..^#^...##...#...#
#...#..#.##..#≈##.......#..##.###
##........##...#...##.#.....###.#
.##........#..###...###...###.#..
..#######..#..#^..###.###..#.....
#...#..#...#..##...#..#.###≈#.^##
##....###......#ss##..#...#†#...#
.......^###....s@s##......#...###
..###.....####ss.s.....##......#
.##...#^.###...##...#...#.^######
.#...##..#.#....#..##.#.#......#.
######.........##...#####^#...##.
.#..^##.....##..###.....###.#....
.##..#..##.##.....#....##.####...
..#.....##≈#..#..##.##..#...#..#.
#....>#...#...#...#######...#^^##


You could see a demonic crawler, 3 wolf spiders, a jumping spider and 2
redbacks.

Vanquished Creatures
  Jorgrun (Orc)
  Donald (Orc)
  A frost giant (IceCv)
  A ghost moth (Spider:1)
  2 orc warlords (Orc)
  An entropy weaver (Spider:1)
  Snorg (Orc)
  2 hydras
  A catoblepas (Lair:5)
  Harold (D:10)
  4 two-headed ogres
  A centaur warrior (D:11)
  An alligator (Lair:3)
  A tengu warrior (D:11)
  A queen ant (Lair:2)
  2 death yaks (IceCv)
  An orc high priest (Orc)
  Sonja (Lair:3)
  5 slime creatures (D:11)
  Nergalle (D:10)
  5 orc knights
  2 cyclopes
  Pikel (D:5)
  2 orb spiders (Spider:1)
  4 orc sorcerers
  A faun (Lair:4)
  An ugly thing (D:10)
  A moth of wrath (Spider:1)
  7 wolf spiders (Spider:1)
  5 black mambas
  Joseph (D:8)
  A torpor snail (Lair:4)
  17 cane toads
  An ice statue (IceCv)
  3 rime drakes
  5 demonic crawlers (Spider:1)
  5 yaktaurs (D:11)
  2 komodo dragons
  5 trolls
  6 jumping spiders (Spider:1)
  A merfolk (D:10)
  21 polar bears
  2 meliai (D:11)
  2 hornets
  A blink frog (shapeshifter) (D:10)
  Prince Ribbit (D:6)
  6 dream sheep (Lair:3)
  15 blink frogs
  6 hippogriffs
  A meliai zombie (D:9)
  Sigmund (D:2)
  14 redbacks (Spider:1)
  4 tarantellas (Spider:1)
  47 yaks
  3 basilisks
  3 hungry ghosts
  Menkaure (Ossuary)
  7 wargs (Orc)
  8 crocodiles
  5 water moccasins
  4 porcupines
  5 soldier ants (Lair:2)
  A slave (D:5)
  28 orc warriors
  2 phantoms
  5 sky beasts
  3 ice beasts
  A boggart (D:11)
  A black bear (D:6)
  8 ogres
  54 wolves
  4 centaurs
  9 bullfrogs
  15 big kobolds
  Blork the orc (D:6)
  An elf zombie (Ossuary)
  A water moccasin skeleton (D:7)
  6 scorpions
  6 killer bees (D:8)
  3 electric eels
  A wight (D:6)
  2 howler monkeys (D:6)
  5 crimson imps
  A bullfrog zombie (D:6)
  A quasit (D:6)
  4 hounds
  5 jellies
  3 centaur zombies
  A centaur skeleton (D:6)
  18 orc priests
  Ijyb (D:3)
  A gnoll shaman (Orc)
  18 orc wizards
  Crazy Yiuf (D:3)
  3 bullfrog skeletons
  Jessica (D:3)
  Terence (D:3)
  3 iguanas
  17 worker ants
  A killer bee zombie (D:5)
  4 ogre zombies (Ossuary)
  A big kobold zombie (Ossuary)
  6 mummies (Ossuary)
  3 hound skeletons
  Robin (D:2)
  A howler monkey skeleton (D:9)
  5 gnolls (Orc)
  12 adders
  5 shadow imps
  12 white imps (Lair:5)
  9 oozes
  An adder zombie (Ossuary)
  11 worms
  3 dart slugs
  11 leopard geckos
  71 orcs
  5 ball pythons
  8 giant cockroaches
  A gnoll zombie (Ossuary)
  9 goblins
  6 hobgoblins
  15 jackals
  4 quokkas
  5 bats
  2 frilled lizards (D:2)
  3 goblin zombies (Ossuary)
  5 hobgoblin zombies (Ossuary)
  A jackal skeleton (D:4)
  24 kobolds
  4 kobold zombies (Ossuary)
  3 quokka zombies (Ossuary)
  12 rats
  6 rat zombies (Ossuary)
  2 plants
771 creatures vanquished.

Vanquished Creatures (others)
  An electric eel (Lair:5)
  A bush (Lair:3)
  11 fungi
  8 plants
21 creatures vanquished.

Grand Total: 792 creatures vanquished

Notes
Turn   | Place    | Note
-------+----------+-------------------------------------------
     0 | D:1      | funkygono the Fairy Conjurer began the quest for the Orb.
     0 | D:1      | Reached XP level 1. HP: 11/11 MP: 6/6
    13 | D:1      | Reached skill level 5 in Conjurations
   153 | D:1      | Reached XP level 2. HP: 17/17 MP: 7/7
   157 | D:1      | Learned a level 2 spell: Searing Ray
   680 | D:2      | Reached XP level 3. HP: 20/21 MP: 5/9
   686 | D:2      | Learned a level 3 spell: Iskenderun's Mystic Blast
   764 | D:2      | Reached skill level 3 in Spellcasting
   915 | D:2      | Reached XP level 4. HP: 27/27 MP: 3/10
  1201 | D:2      | Noticed Sigmund
  1216 | D:2      | Killed Sigmund
  1216 | D:2      | Reached XP level 5. HP: 15/31 MP: 1/12
  1371 | D:2      | Reached XP level 6. HP: 36/36 MP: 13/13
  1424 | D:2      | Reached skill level 4 in Spellcasting
  1481 | D:2      | Found an ancient bone altar of Kikubaaqudgha.
  1494 | D:2      | Noticed Robin
  1499 | D:2      | Killed Robin
  1853 | D:3      | Noticed Ijyb
  1974 | D:3      | Noticed Jessica
  1979 | D:3      | Killed Jessica
  2087 | D:3      | Killed Ijyb
  2331 | D:3      | Found a runed door.
  2335 | D:3      | Noticed Crazy Yiuf
  2339 | D:3      | Killed Crazy Yiuf
  2381 | D:3      | Noticed Terence
  2385 | D:3      | Killed Terence
  2696 | D:3      | Reached XP level 7. HP: 41/41 MP: 9/16
  2755 | D:3      | Reached skill level 5 in Spellcasting
  3257 | D:4      | Reached skill level 6 in Spellcasting
  3682 | D:4      | Found an ornate altar of the Wu Jian Council.
  3694 | D:4      | Found a sand-covered staircase.
  3702 | Ossuary  | Entered an ossuary
  3744 | Ossuary  | Reached XP level 8. HP: 46/46 MP: 19/19
  4172 | Ossuary  | Noticed Menkaure
  4176 | Ossuary  | Killed Menkaure
  4176 | Ossuary  | Reached skill level 7 in Spellcasting
  4733 | D:5      | Entered Level 5 of the Dungeon
  5023 | D:5      | Reached skill level 8 in Spellcasting
  5102 | D:5      | Found a transporter.
  5191 | D:5      | Reached skill level 10 in Conjurations
  5264 | D:5      | Found a glowing drain.
  5281 | Sewer    | Entered a sewer
  5396 | Sewer    | Reached XP level 9. HP: 51/51 MP: 20/23
  5455 | Sewer    | Learned a level 2 spell: Poisonous Vapours
  5461 | Sewer    | Learned a level 5 spell: Venom Bolt
  5632 | Sewer    | Reached skill level 1 in Air Magic
  5698 | Sewer    | Reached skill level 1 in Poison Magic
  5926 | D:5      | Found a transporter.
  5969 | D:5      | Noticed Pikel
  5975 | D:5      | Killed Pikel
  5975 | D:5      | Reached skill level 9 in Spellcasting
  6924 | D:6      | Noticed Blork the orc
  6926 | D:6      | Killed Blork the orc
  6966 | D:6      | Reached skill level 10 in Spellcasting
  6983 | D:6      | Reached XP level 10. HP: 56/56 MP: 8/26
  6987 | D:6      | Noticed Prince Ribbit
  6991 | D:6      | Killed Prince Ribbit
  7096 | D:6      | Reached skill level 5 in Dodging
  7147 | D:6      | Found a staircase to the Ecumenical Temple.
  7170 | Temple   | Entered the Ecumenical Temple
  7235 | Temple   | Became a worshipper of Sif Muna the Loreminder
  7378 | D:6      | Found a stormy altar of Qazlal.
  7589 | D:6      | Learned a level 1 spell: Sting
  7644 | D:6      | Found a glowing golden altar of the Shining One.
  7647 | D:6      | Found a sparkling altar of Nemelex Xobeh.
  7650 | D:6      | Found a shadowy altar of Dithmenos.
  7902 | D:7      | Reached * piety under Sif Muna
  7902 | D:7      | Reached skill level 11 in Spellcasting
  8495 | D:7      | Identified Sif Muna's Collected Works on Boosting
                  | Confrontation (Sif Muna gifted it to you on level 7 of the
                  | Dungeon)
  8495 | D:7      | Received a gift from Sif Muna
  8953 | D:8      | Found a hazy altar of Hepliaklqana.
  8991 | D:8      | Reached ** piety under Sif Muna
  9183 | D:8      | Reached skill level 5 in Air Magic
  9406 | D:8      | Noticed Joseph
  9414 | D:8      | Reached skill level 12 in Spellcasting
  9415 | D:8      | Killed Joseph
  9415 | D:8      | Reached XP level 11. HP: 62/62 MP: 20/29
 10075 | D:9      | Noticed a two-headed ogre
 10084 | D:9      | Killed a two-headed ogre
 10084 | D:9      | Identified Abuolyem's Grimoire of Glacial Displacement (Sif
                  | Muna gifted it to you on level 9 of the Dungeon)
 10084 | D:9      | Received a gift from Sif Muna
 10538 | D:9      | Got an ancient marble ring
 10571 | D:9      | Found a staircase to the Lair.
 10636 | D:9      | Reached skill level 5 in Poison Magic
 10761 | D:9      | Identified the ring of Megalomania {Ice *Corrode Str+4
                  | SInv} (You found it on level 9 of the Dungeon)
 10944 | D:9      | Got an ivory quarterstaff
 10979 | D:9      | Identified the +8 quarterstaff of Infection {protect, Str+4
                  | Int+6 Dex-4} (You found it on level 9 of the Dungeon)
 10990 | D:9      | Learned a level 1 spell: Sandblast
 11031 | D:10     | Entered Level 10 of the Dungeon
 11070 | D:10     | Reached skill level 13 in Spellcasting
 11283 | D:10     | Noticed a white ugly thing
 11290 | D:10     | Killed a white ugly thing
 11357 | D:10     | Noticed a cyclops
 11375 | D:10     | Killed a cyclops
 11487 | D:10     | Noticed Harold
 11499 | D:10     | Killed Harold
 11501 | D:10     | Noticed Nergalle
 11507 | D:10     | Killed Nergalle
 11507 | D:10     | Reached *** piety under Sif Muna
 11507 | D:10     | Reached skill level 1 in Fighting
 11507 | D:10     | Reached XP level 12. HP: 53/68 MP: 8/31
 11941 | Lair:1   | Entered Level 1 of the Lair of Beasts
 12088 | Lair:1   | Identified Mnoleg's Tome of the Escort (Sif Muna gifted it
                  | to you on level 1 of the Lair of Beasts)
 12088 | Lair:1   | Received a gift from Sif Muna
 12088 | Lair:1   | Reached skill level 14 in Spellcasting
 12956 | Lair:1   | Identified a scroll of acquirement
 12956 | Lair:1   | Identified the amulet "Fafit" {rElec rN+ MR+ Regen+} (You
                  | acquired it on level 1 of the Lair of Beasts)
 13173 | Lair:2   | Noticed a seven-headed hydra
 13182 | Lair:2   | Killed a seven-headed hydra
 13182 | Lair:2   | Reached skill level 1 in Earth Magic
 13442 | Lair:2   | Noticed a queen ant
 13459 | Lair:2   | Killed a queen ant
 14393 | Lair:3   | Identified Sif Muna's Thaumaturgy, Part Five (Sif Muna
                  | gifted it to you on level 3 of the Lair of Beasts)
 14393 | Lair:3   | Received a gift from Sif Muna
 14498 | Lair:3   | Noticed Sonja
 14511 | Lair:3   | Killed Sonja
 14511 | Lair:3   | Reached skill level 15 in Spellcasting
 14825 | Lair:3   | Reached XP level 13. HP: 74/74 MP: 29/34
 14914 | Lair:3   | Reached **** piety under Sif Muna
 15252 | Lair:3   | Found a hole to the Spider Nest.
 16089 | Lair:4   | Received a gift from Sif Muna
 16137 | Lair:4   | Learned a level 3 spell: Mephitic Cloud
 16734 | Lair:4   | Reached skill level 16 in Spellcasting
 16984 | Lair:4   | Found a staircase to the Shoals.
 16991 | Lair:4   | Learned a level 3 spell: Conjure Flame
 17168 | Lair:4   | Found a runed translucent gate.
 17168 | Lair:4   | Noticed Galewind's ghost (journeyman AvCj)
 17169 | Lair:4   | Found a runed translucent gate.
 17174 | Lair:4   | Found a runed translucent gate.
 17985 | Lair:5   | Identified Sif Muna's Collected Works on Aerial Boosts (Sif
                  | Muna gifted it to you on level 5 of the Lair of Beasts)
 17985 | Lair:5   | Received a gift from Sif Muna
 18083 | Lair:5   | Reached skill level 1 in Fire Magic
 18338 | Lair:5   | Found a viscous altar of Jiyva.
 18339 | Lair:5   | Found a staircase to the Slime Pits.
 18340 | Lair:5   | Found a viscous altar of Jiyva.
 18379 | Lair:5   | Reached skill level 15 in Conjurations
 18510 | Lair:5   | Learned a level 3 spell: Ignite Poison
 18534 | Lair:5   | Found a frozen archway.
 18545 | IceCv    | Entered an ice cave
 18579 | IceCv    | Reached XP level 14. HP: 71/81 MP: 26/36
 18832 | IceCv    | Reached skill level 10 in Dodging
 18955 | IceCv    | Reached ***** piety under Sif Muna
 19221 | IceCv    | Identified Sif Muna's Disquisition on the Shifting Glacier
                  | (Sif Muna gifted it to you in an ice cave)
 19221 | IceCv    | Received a gift from Sif Muna
 19474 | IceCv    | Reached skill level 17 in Spellcasting
 19638 | IceCv    | Noticed a frost giant
 19653 | IceCv    | Killed a frost giant
 19845 | IceCv    | Got a wavering tin ring
 20122 | Lair:5   | Identified the ring of Mipijama {rC+ rN+ Int+3} (You found
                  | it in an ice cave)
 20123 | Lair:5   | Identified the +2 buckler "Tepho" {rC+ MR+ Dex+4} (You
                  | acquired it on level 5 of the Lair of Beasts)
 20123 | Lair:5   | Identified funkygono's Almanac of Attacks (You acquired it
                  | on level 5 of the Lair of Beasts)
 20134 | Lair:5   | Learned a level 6 spell: Bolt of Fire
 20152 | Lair:5   | Learned a level 6 spell: Bolt of Cold
 20676 | Lair:5   | Identified the ring of Siohibbu {MR- Str+10 Int+2} (You
                  | acquired it on level 5 of the Lair of Beasts)
 20677 | Lair:5   | Identified the +8 eveningstar of Desperation {crush, Str+5
                  | Stlth-} (You acquired it on level 5 of the Lair of Beasts)
 20677 | Lair:5   | Identified the ring of Eruq {rN+ Dex+5} (You acquired it on
                  | level 5 of the Lair of Beasts)
 20677 | Lair:5   | Identified funkygono's Collected Works on Weightlessness
                  | and Shape Shifting (You acquired it on level 5 of the Lair
                  | of Beasts)
 20689 | Lair:5   | Learned a level 5 spell: Lightning Bolt
 21085 | D:11     | Reached skill level 1 in Transmutations
 21279 | D:11     | Identified Dipoukir's Papyrus of Bewitching Moulding (Sif
                  | Muna gifted it to you on level 11 of the Dungeon)
 21279 | D:11     | Received a gift from Sif Muna
 21458 | D:11     | Found a gate to the Vaults.
 21849 | D:11     | Found a staircase to the Orcish Mines.
 22042 | D:11     | Identified the +0 robe "Ahonk" {SInv}
 22094 | D:11     | Found Otheadog's Armour Boutique.
 22231 | D:11     | Found a glowing golden altar of the Shining One.
 22407 | Orc      | Entered the Orcish Mines
 22416 | Orc      | Found a staircase to the Elven Halls.
 22469 | Orc      | Noticed an orc warlord
 22474 | Orc      | Reached XP level 15. HP: 88/88 MP: 12/38
 22625 | Orc      | Killed an orc warlord
 22625 | Orc      | Reached skill level 18 in Spellcasting
 22636 | Orc      | Reached skill level 10 in Poison Magic
 22885 | Orc      | Identified Sif Muna's Catalogue of Confrontation (Sif Muna
                  | gifted it to you in the Orcish Mines)
 22885 | Orc      | Received a gift from Sif Muna
 22945 | Orc      | Noticed an orc warlord
 22964 | Orc      | Reached skill level 5 in Fire Magic
 22967 | Orc      | Killed an orc warlord
 23177 | Orc      | Noticed Snorg
 23210 | Orc      | Killed Snorg
 23543 | Orc      | Found a roughly hewn altar of Beogh.
 23675 | Orc      | Noticed Jorgrun
 23699 | Orc      | Killed Jorgrun
 23794 | Orc      | Reached skill level 1 in Ice Magic
 23906 | Orc      | Found a roughly hewn altar of Beogh.
 23928 | Orc      | Found Izxeclat's Gadget Shop.
 23948 | Orc      | Noticed Donald
 23967 | Orc      | Killed Donald
 23982 | Orc      | Found a roughly hewn altar of Beogh.
 24190 | Orc      | Found a roughly hewn altar of Beogh.
 24323 | Orc      | Found Fizo's Distillery.
 24368 | Orc      | Found a roughly hewn altar of Beogh.
 24452 | Orc      | Found a roughly hewn altar of Beogh.
 24452 | Orc      | Found Kyatig's Antique Weapon Emporium.
 24503 | Orc      | Found Qeacs's Antique Armour Shoppe.
 24706 | Spider:1 | Entered Level 1 of the Spider Nest
 24868 | Spider:1 | Noticed a ghost moth
 24871 | Spider:1 | Killed a ghost moth
 25026 | Spider:1 | Identified Gerphaxur's Disquisition on the Harmful
                  | Snowflakes (Sif Muna gifted it to you on level 1 of the
                  | Spider Nest)
 25026 | Spider:1 | Received a gift from Sif Muna
 25052 | Spider:1 | Learned a level 5 spell: Fireball
 25460 | Spider:1 | HP: 4/88 [redback (8)]
 26591 | Spider:1 | HP: 3/89 [poisoned by a wolf spider]
 26592 | Spider:1 | Slain by a wolf spider

Skill      XL: |  1  2  3  4  5  6  7  8  9 10 11 12 13 14 15 |
---------------+----------------------------------------------+-----
Conjurations   | 5 6 7 8 10 11 12 13 14 15 16 | 16.6
Spellcasting   | 3 4 6 8 10 12 13 15 16 17 18 | 18.7
Dodging        | 3 4 5 7 8 9 11 | 11.5
Stealth        | 2 3 4 |  4.6
Air Magic      | 3 5 6 7 8 |  8.5
Poison Magic   | 3 4 6 7 8 9 10 | 10.8
Fighting       | 1 2 3 |  3.6
Earth Magic    | 3 |  3.2
Fire Magic     | 2 4 6 |  6.3
Transmutations | 1 2 |  2.2
Ice Magic      | 1 |  1.8
Short Blades   | |  0.3

Action                   |  1- 3 |  4- 6 |  7- 9 | 10-12 | 13-15 || total
-------------------------+-------+-------+-------+-------+-------++-------
Melee: Unarmed           |       |     9 |       |       |       ||     9
       Short sword       |       |       |     1 |       |       ||     1
       Staff             |       |       |       |     2 |       ||     2
       Quarterstaff      |       |       |       |       |     4 ||     4
 Cast: Magic Dart        |    50 |    51 |   214 |   218 |   444 ||   977
       Searing Ray       |     3 |    12 |    44 |    82 |   147 ||   288
       Iskenderun's Myst |     1 |     8 |    43 |    48 |   114 ||   214
       Poisonous Vapours |       |       |    16 |    34 |    38 ||    88
       Sting             |       |       |       |    37 |    16 ||    53
       Venom Bolt        |       |       |       |    11 |    12 ||    23
       Sandblast         |       |       |       |     9 |       ||     9
       Mephitic Cloud    |       |       |       |       |    55 ||    55
       Conjure Flame     |       |       |       |       |    10 ||    10
       Ignite Poison     |       |       |       |       |    52 ||    52
       Bolt of Fire      |       |       |       |       |    18 ||    18
       Bolt of Cold      |       |       |       |       |    19 ||    19
       Lightning Bolt    |       |       |       |       |     8 ||     8
       Fireball          |       |       |       |       |     1 ||     1
  Use: Scroll            |     3 |     3 |     8 |     9 |    11 ||    34
       Potion            |       |     1 |       |       |    13 ||    14
  Eat: Chunk             |       |     5 |     8 |    13 |    23 ||    49
       Ration            |       |       |     2 |     3 |     4 ||     9
Armor: Skin              |     4 |     6 |    19 |    44 |   143 ||   216
Dodge: Dodged            |    14 |    19 |    59 |   189 |   592 ||   873
Block: Other             |     2 |     6 |    16 |    69 |   236 ||   329
